 Dungeon Crawl Stone Soup version 0.29.1-13-g9f3cf754e1 (webtiles) character file.

Game seed: 7889679371340613599

359 Pepete the Shield-Bearer (level 6, -1/48 HPs)
             Began as a Formicid Fighter on Feb 3, 2023.
             Slain by Pikel
             ... wielding a +1 whip of flaming
              (3 damage)
             ... on level 4 of the Dungeon.
             The game lasted 00:05:57 (3989 turns).

Pepete the Shield-Bearer (Formicid Fighter)         Turns: 3989, Time: 00:05:58

Health: -1/48      AC:  8    Str: 22    XL:     6   Next: 98%
Magic:  6/6        EV:  9    Int:  8    God:
Gold:   146        SH:  5    Dex: 13    Spells: 5/5 levels left

rFire   . . .      SeeInvis +   a - +1 war axe
rCold   . . .      Faith    .   c - +0 buckler
rNeg    . . .      Spirit   .   b - +0 scale mail
rPois   .          Reflect  .   (helmet unavailable)
rElec   .          Harm     .   g - +0 cloak
rCorr   .          Rampage  .   (no gloves)
Will    .....                   (no boots)
Stlth   ..........              (no amulet)
HPRegen 0.16/turn               (no ring)
MPRegen 0.10/turn               (no ring)

@: mighty
A: permanent stasis, dig shafts and tunnels, antennae 3, four strong arms
a: Dig, Shaft Self


You were on level 4 of the Dungeon.
You visited 1 branch of the dungeon, and saw 4 of its levels.

You collected 146 gold pieces.

Inventory:

Hand Weapons
 a - a +1 war axe (weapon)
 m - a +1 hand axe of freezing
Armour
 b - a +0 scale mail (worn)
 c - a +0 buckler (worn)
 g - a +0 cloak (worn)
Wands
 d - a wand of flame (19)
 l - a wand of mindburst (9)
Scrolls
 f - 2 scrolls of summoning
 h - a scroll of amnesia
 n - a scroll of brand weapon {unknown}
Potions
 i - 2 potions of curing {unknown}
 k - a potion of resistance {unknown}


   Skills:
 * Level 4.3 Fighting
 * Level 4.7 Axes
 * Level 4.7 Armour
 + Level 0.6 Dodging
 * Level 5.2 Shields


You had 5 spell levels left.
You didn't know any spells.
Your spell library contained the following spells:

 Spells                   Type           Power      Damage    Failure   Level
 Freeze                   Ice            0%         1d3       80%         1
 Sandblast                Erth           0%         2d4       80%         1
 Sting                    Tmut/Pois      0%         1d3       80%         1
 Passwall                 Tmut/Erth      0%         N/A       90%         2
 Poisonous Vapours        Pois/Air       0%         N/A       90%         2
 Confusing Touch          Hex            0%         N/A       99%         3
 Frozen Ramparts          Ice            0%         1d1       99%         3
 Stone Arrow              Conj/Erth      0%         3d7       99%         3
 Hailstorm                Conj/Ice       0%         3d3       100%        4
 Olgreb's Toxic Radiance  Pois           0%         N/A       100%        4
 Yara's Violent Unravell  Hex/Tmut       0%         3d3       100%        5
 Enfeeble                 Hex            0%         N/A       100%        7


Dungeon Overview and Level Annotations

Branches:
Dungeon (4/15)
 Temple: D:4-7

Altars:
The Shining One

Annotations:
D:2 Sigmund
D:4 Pikel


Innate Abilities, Weirdness & Mutations

You cannot be hasted, slowed, berserked, paralysed or teleported.
You can dig through walls and to a lower floor.
You have a pair of large antennae on your head. (SInv)
Your four strong arms can wield two-handed weapons with a shield.


Message History

You barely miss Pikel. Pikel barely misses you.
A lemure comes into view.
Pikel closely misses you.
You miss Pikel. Pikel hits you but does no damage.
You hit Pikel.
Pikel is lightly wounded.
Pikel hits you with a +1 whip of flaming.
Pikel burns you.
You barely miss Pikel.
Pikel is lightly wounded.
Pikel hits you with a +1 whip of flaming!
Pikel burns you. Pikel hits you but does no damage.
You are too injured to fight recklessly!
You are too injured to fight recklessly!
You are too injured to fight recklessly!
You are too injured to fight recklessly!
You are too injured to fight recklessly!
You are too injured to fight recklessly!
You are too injured to fight recklessly!
You are too injured to fight recklessly!
You are too injured to fight recklessly!
You are too injured to fight recklessly!
You are too injured to fight recklessly!
You are too injured to fight recklessly!
You are too injured to fight recklessly!
You are too injured to fight recklessly!
You are too injured to fight recklessly!
You are too injured to fight recklessly!
You feel very mighty all of a sudden. You block Pikel's attack.
Pikel hits you with a +1 whip of flaming!
* * * LOW HITPOINT WARNING * * *
Pikel burns you.
* * * LOW HITPOINT WARNING * * *
You barely miss Pikel.
Pikel is lightly wounded.
Pikel hits you with a +1 whip of flaming!
* * * LOW HITPOINT WARNING * * *
Pikel burns you.
You die...

..... #........ ......
#########.####### ......
#......)..#
......##.#§####..#####
........§§...........#
.......§§§§.###..###.#
......#§§§§.###.[###.###
.....5#§§§§.............
..?.55K@§§§§.....#.#####
.....5##########.#.#
###### #.#.# #.#.#####
#.......# ###.###.# {
#.###.# #.##<.# #.##.<#


You could see Pikel and 4 lemures.

Vanquished Creatures
  A necrophage (D:4)
  A jelly (D:3)
  Jessica (D:1)
  5 orc wizards (D:3)
  2 hound zombies (D:4)
  3 adders
  2 dart slugs (D:1)
  10 orcs (D:3)
  6 endoplasms
  6 goblins
  3 hobgoblins
  3 jackals (D:3)
  4 quokkas
  6 ball pythons
  6 bats
  5 frilled lizards
  8 kobolds
  2 rats
74 creatures vanquished.

Vanquished Creatures (others)
  3 withered plants (D:4)
3 creatures vanquished.

Grand Total: 77 creatures vanquished

Notes
Turn   | Place    | Note
-------+----------+-------------------------------------------
     0 | D:1      | Pepete the Formicid Fighter began the quest for the Orb.
     0 | D:1      | Reached XP level 1. HP: 18/18 MP: 1/1
    49 | D:1      | Reached XP level 2. HP: 21/24 MP: 2/2
   340 | D:1      | Reached XP level 3. HP: 27/29 MP: 3/3
   949 | D:2      | Reached XP level 4. HP: 20/37 MP: 4/4
  1430 | D:2      | Noticed Jessica
  1433 | D:2      | Noticed Sigmund
  1450 | D:1      | Killed Jessica
  1982 | D:2      | Found a faded altar of an unknown god.
  2243 | D:3      | Reached XP level 5. HP: 25/42 MP: 5/5
  3066 | D:3      | Found a glowing golden altar of the Shining One.
  3220 | D:3      | Reached XP level 6. HP: 34/48 MP: 6/6
  3868 | D:4      | Reached skill level 5 in Shields
  3977 | D:4      | Noticed Pikel
  3989 | D:4      | HP: 2/48 [Pikel/+1 whip of flaming (8)]
  3989 | D:4      | Slain by Pikel

Illustrated notes

Levels and vault maps discovered:
D:1:      evilmike_arrival_hilbert_curve, layout_loops_ring,
          minmay_misc_feat_columns
D:2:      layout_basic, shapermc_ecumenical_altar_totnotflames, uniq_sigmund,
          uniq_jessica
D:3:      layout_basic, mainiacjoe_overflow_small_starburst
D:4:      layout_basic, portal_sewer_entry_e, serial_undead, serial_undead_f,
          serial_undead_c, serial_undead_f, serial_undead_a, serial_undead_a,
          serial_undead_f, serial_undead_d, serial_undead_f, serial_undead_e,
          serial_undead_e, uniq_pikel

Skill      XL: |  1  2  3  4  5  6 |
---------------+-------------------+-----
Axes           | 3 4 |  4.7
Armour         | 4 |  4.7
Fighting       | 4 |  4.3
Shields        | 5 |  5.2
Dodging        | |  0.6

Action                   |  1- 3 |  4- 6 || total
-------------------------+-------+-------++-------
Melee: War axe           |    89 |   128 ||   217
  Use: Potion            |       |     3 ||     3
       Scroll            |       |     4 ||     4
 Stab: Invisible         |       |     1 ||     1
Armor: Scale mail        |    49 |    88 ||   137
Dodge: Dodged            |    51 |    69 ||   120
Block: Buckler           |    26 |    26 ||    52
